 Dungeon Crawl Stone Soup version 0.20-a0-9-g62d82d9 (webtiles) character file.

1370 Softman25 the Spear-Bearer (level 8, -5/64 HPs)
             Began as a Merfolk Gladiator on Nov 1, 2016.
             Slain by Pikel
             ... wielding a +0 whip of electrocution
              (14 damage)
             ... on level 5 of the Dungeon.
             The game lasted 00:14:43 (4829 turns).

Softman25 the Spear-Bearer (Merfolk Gladiator)      Turns: 4829, Time: 00:14:44

Health: -5/64      AC:  8    Str: 15    XL:     8   Next: 65%
Magic:  8/8        EV: 22    Int:  7    God:
Gold:   179        SH:  0    Dex: 22    Spells: 2 memorised, 3 levels left

rFire  . . .     SeeInvis .     a - +1 trident
rCold  + . .     Gourm    .     u - +0 ring mail {rC+}
rNeg   . . .     Faith    .     (no shield)
rPois  +         Spirit   .     l - +2 helmet
rElec  .         Reflect  .     (no cloak)
rCorr  .         Harm     .     (no gloves)
MR     .....                    (no boots)
Stlth  ++........               (no amulet)
                                (no ring)
                                m - ring of poison resistance

@: agile
A: change form in water, swift swim, stealthy swim
a: no special abilities


You were on level 5 of the Dungeon.
You were hungry.

You visited 1 branch of the dungeon, and saw 5 of its levels.

You collected 179 gold pieces.

Inventory:

Hand Weapons
 a - a +1 trident (weapon)
Missiles
 d - 4 throwing nets (quivered)
Armour
 b - a +0 leather armour
 l - a +2 helmet (worn)
 u - a +0 ring mail of cold resistance (worn)
Jewellery
 m - a ring of poison resistance (left hand)
Wands
 i - a wand of random effects (23/48)
Scrolls
 g - 2 scrolls of noise
 j - 6 scrolls of remove curse {@r2}
 p - a scroll of immolation
 q - 3 scrolls of identify {@r1}
 t - a scroll of amnesia
Potions
 n - a potion of brilliance
 o - a potion of resistance
Books
 c - a book of Minor Magic

   Spells                             Type                      Level
   a - Magic Dart                     Conjuration                  1
   b - Blink                          Translocation                2
   c - Call Imp                       Summoning                    2
   d - Repel Missiles                 Charms/Air                   2
   e - Slow                           Hexes                        2
   f - Conjure Flame                  Conjuration/Fire             3
   g - Mephitic Cloud                 Conjuration/Poison/Air       3
Comestibles
 f - 5 bread rations
 k - 3 slices of pizza


   Skills:
 + Level 6.3 Fighting
 + Level 10.7 Polearms
 - Level 2.0 Throwing
 + Level 8.1 Dodging


You had 3 spell levels left.
You knew the following spells:

 Your Spells              Type           Power        Failure   Level  Hunger
a - Blink                 Tloc           N/A          96%         2    ###....
b - Repel Missiles        Chrm/Air       #.....       96%         2    ###....


Dungeon Overview and Level Annotations

Branches:
Dungeon (5/15)
 Temple: D:4-7

Altars:
Ashenzari
Dithmenos
Zin

Annotations:
D:5 Pikel


Message History

You closely miss Pikel.
Pikel is heavily wounded.
Pikel closely misses you.
You hit Pikel.
Pikel is severely wounded.
You hit Pikel.
Pikel is severely wounded.
Pikel completely misses you.
You closely miss Pikel.
Pikel is severely wounded.
Pikel is no longer unusually agile.
Pikel misses you.
You hit Pikel.
Pikel is almost dead.
Pikel hits you but does no damage.
You are electrocuted!
* * * LOW HITPOINT WARNING * * *
You feel better.
Pikel hits you with a whip of electrocution.
* * * LOW HITPOINT WARNING * * *
You are electrocuted!
You die...

#.##.##.###....[............
#.p<....###.........####.###
#.##.#.....pp.......# #.###
#.##.#^####.#.Kp..#.# #....
#.##p#.####.........# #####
#p##p#..........p####
#...........##.....#
####..########p###.#
#........@Kpp# #.#
#.#.########.###.######
#.#p# #.....##...# # #.#p#
##......[..# ## #.#.#
#######.>.###. #.#p#
##...... #.#.## #.####.
#....##### #.# ## #........#
#.# #


You could see Pikel and 3 slaves.

Vanquished Creatures
  Eustachio (D:4)
  The ghost of Softman25 the Poker, an amateur MfGl (D:4)
  Duvessa (D:4)
  An ice beast (D:5)
  A slave (D:5)
  A phantom (D:5)
  A centaur (D:5)
  Blork the orc (D:4)
  Dowan (D:4)
  2 scorpions
  A howler monkey (D:5)
  A crimson imp (D:5)
  A bullfrog skeleton (D:5)
  An orc wizard (D:4)
  A hound (D:4)
  An orc priest (D:3)
  4 worker ants
  Natasha (D:4)
  Robin (D:4)
  6 adders
  An ooze (D:3)
  2 worms
  7 dart slugs
  A leopard gecko (D:5)
  16 orcs
  2 ball pythons
  4 giant cockroaches
  22 goblins
  12 hobgoblins
  7 jackals
  6 kobolds
  4 quokkas
  12 bats
  3 frilled lizards
  8 rats
136 creatures vanquished.

Notes
Turn   | Place    | Note
-------+----------+-------------------------------------------
     0 | D:1      | Softman25 the Merfolk Gladiator began the quest for the Orb.
     0 | D:1      | Reached XP level 1. HP: 16/16 MP: 1/1
    38 | D:1      | Reached skill level 5 in Polearms
   175 | D:1      | Reached XP level 2. HP: 22/22 MP: 2/2
   348 | D:1      | Reached skill level 6 in Polearms
   348 | D:1      | Reached XP level 3. HP: 26/27 MP: 3/3
  1027 | D:2      | Reached XP level 4. HP: 33/33 MP: 4/4
  1046 | D:2      | Found a shadowy altar of Dithmenos.
  1085 | D:2      | Reached skill level 7 in Polearms
  1695 | D:3      | Found a glowing silver altar of Zin.
  1762 | D:3      | Reached XP level 5. HP: 32/40 MP: 5/5
  2446 | D:4      | Noticed Dowan
  2447 | D:4      | Noticed Duvessa
  2464 | D:4      | Killed Duvessa
  2464 | D:4      | Reached skill level 8 in Polearms
  2464 | D:4      | Reached skill level 5 in Dodging
  2464 | D:4      | Reached XP level 6. HP: 8/47 MP: 6/6
  2768 | D:4      | Killed Dowan
  3002 | D:4      | Found a shattered altar of Ashenzari.
  3078 | D:4      | Noticed Robin
  3095 | D:4      | Killed Robin
  3123 | D:4      | Noticed Natasha
  3124 | D:4      | Noticed Softman25's ghost (amateur MfGl)
  3188 | D:4      | Reached skill level 9 in Polearms
  3188 | D:4      | Reached XP level 7. HP: 40/54 MP: 7/7
  3192 | D:4      | Killed Natasha
  3337 | D:4      | Killed Softman25's ghost
  3675 | D:4      | Noticed Blork the orc
  3675 | D:4      | Noticed Eustachio
  3694 | D:4      | Killed Eustachio
  3694 | D:4      | Reached skill level 5 in Fighting
  3707 | D:4      | Killed Blork the orc
  3707 | D:4      | Reached XP level 8. HP: 26/62 MP: 8/8
  4081 | D:5      | Entered Level 5 of the Dungeon
  4096 | D:5      | Reached skill level 10 in Polearms
  4241 | D:5      | Noticed Pikel
  4427 | D:5      | Learned a level 2 spell: Blink
  4430 | D:5      | Learned a level 2 spell: Repel Missiles
  4829 | D:5      | Slain by Pikel

Vault maps used:
D:1:      ncdulo_lavacross
D:2:      cheibrodos_greedy_goblins, minmay_misc_feat_nine_boxes,
          grunt_dithmenos_smoke
D:3:      zin_academy, hex_medium, minmay_door_square
D:4:      lemuel_doored_altar, uniq_robin, uniq_natasha, uniq_duvessa,
          uniq_blork_the_orc, uniq_eustachio
D:5:      first_bread, uniq_pikel

Skill      XL: |  1  2  3  4  5  6  7  8 |
---------------+-------------------------+-----
Polearms       | 5 6 7 8 9 10 | 10.7
Fighting       | 3 4 5 6 |  6.3
Dodging        | 5 7 8 |  8.1
Throwing       | |  2.0

Action                   |  1- 3 |  4- 6 |  7- 9 || total
-------------------------+-------+-------+-------++-------
Melee: Trident           |    98 |   276 |   203 ||   577
  Use: Scroll            |       |    13 |     2 ||    15
       Potion            |       |       |     3 ||     3
 Stab: Sleeping          |     2 |     3 |       ||     5
  Eat: Chunk             |       |     7 |     4 ||    11
       Beef jerky        |       |       |     1 ||     1
Armor: Leather armour    |    17 |    46 |    20 ||    83
       Ring mail         |       |       |    10 ||    10
Dodge: Dodged            |    58 |   134 |   115 ||   307
